 Dungeon Crawl Stone Soup version 0.31-a0-986-g5e6e4ef867 (webtiles) character file.

Game seed: 1352533940060741123

323 Lobster4 the Trooper (level 6, -12/56 HPs)
             Began as a Hill Orc Fighter on Nov 7, 2023.
             Mangled by an ogre
             ... wielding a +0 giant spiked club
              (16 damage)
             ... on level 5 of the Dungeon.
             The game lasted 00:07:56 (3706 turns).

Lobster4 the Trooper (Hill Orc Fighter)             Turns: 3706, Time: 00:07:57

Health: -12/56     AC:  7    Str: 21    XL:     6   Next: 47%
Magic:  6/6        EV:  9    Int:  8    God:
Gold:   150        SH:  4    Dex: 10    Spells: 5/5 levels left

rFire   . . .        a - +0 war axe
rCold   . . .        c - +0 buckler
rNeg    . . .        p - +0 scale mail
rPois   .            (no helmet)
rElec   .            (no cloak)
rCorr   .            (no gloves)
SInv    .            (no boots)
Will    .....        (no amulet) Stlth
                     (no ring)
HPRegen 0.29/turn    (no ring)
MPRegen 0.10/turn

%: no passive effects
@: mighty
A: no striking features
a: no special abilities


You were on level 5 of the Dungeon.
You visited 2 branches of the dungeon, and saw 6 of its levels.

You collected 150 gold pieces.

Inventory:

Hand Weapons
 a - a +0 war axe (weapon)
 b - a +3 sling
Missiles
 e - 61 stones
 n - 2 throwing nets
 t - 3 javelins
 x - 3 poisoned darts (quivered)
Armour
 c - a +0 buckler (worn)
 p - a +0 scale mail (worn)
Magical Staves
 q - a staff of air
Jewellery
 h - a ring of flight
 y - an amulet of guardian spirit
Wands
 r - a wand of charming (4)
 w - a wand of roots (12)
Scrolls
 f - a scroll of summoning {unknown}
 k - a scroll of blinking {unknown}
 l - a scroll of brand weapon {unknown}
 m - a scroll of revelation {unknown}
 o - a scroll of torment {unknown}
 s - a scroll of identify
 u - a scroll of poison {unknown}
 v - a scroll of vulnerability {unknown}
 z - a scroll of fear {unknown}
Potions
 g - 2 potions of degeneration {unknown}
 i - a potion of resistance
 j - a potion of curing


   Skills:
 + Level 5.0 Fighting
 + Level 4.8 Axes
 + Level 1.1 Ranged Weapons
 + Level 4.6 Armour
 + Level 4.7 Shields
 + Level 0.4 Evocations


You had 5 spell levels left.
You didn't know any spells.
Your spell library contained the following spells:

 Spells                   Type           Power      Damage    Failure   Level
 Inner Flame              Hex/Fire       0%         N/A       99%         3
 Yara's Violent Unravell  Hex/Tmut       0%         3d3       100%        5
 Enfeeble                 Hex            0%         N/A       100%        7


Dungeon Overview and Level Annotations

Branches:
Dungeon (5/15)             Temple (1/1) D:4

Altars:
Ashenzari
Cheibriados
Dithmenos
Elyvilon
Fedhas
Gozag
Hepliaklqana
Kikubaaqudgha
Nemelex Xobeh
Okawaru
Qazlal
Sif Muna
Trog
Uskayaw
Wu Jian
Xom
Yredelemnul
The Shining One

Annotations:
D:2 exclusion: ball python


Message History

The arrow hits you. The ogre barely misses you.
The centaur shoots an arrow.
The arrow barely misses you.
The centaur unwields a +0 shortbow.
The centaur hits you.
The centaur kicks you but does no damage.
You are too injured to fight recklessly!
You hit the centaur.
The centaur is moderately wounded.
You hit the ogre.
The centaur hits you but does no damage.
The centaur closely misses you.
The ogre hits you with a +0 giant spiked club!
* * * LOW HITPOINT WARNING * * *
The centaur hits you.
* * * LOW HITPOINT WARNING * * *
You block the centaur's attack.
The centaur hits you but does no damage.
The centaur kicks you but does no damage.
You feel very mighty all of a sudden. The ogre barely misses you.
The centaur hits you but does no damage.
The centaur kicks you.
* * * LOW HITPOINT WARNING * * *
You slash the centaur!
The centaur is severely wounded.
You barely miss the ogre. You slash the white imp!
You kill the white imp!
The centaur barely misses you.
The centaur kicks you but does no damage.
You block the centaur's attack. The centaur kicks you.
* * * LOW HITPOINT WARNING * * *
You block the ogre's attack.
You closely miss the centaur.
The centaur is severely wounded.
You hit the ogre. The centaur hits you.
* * * LOW HITPOINT WARNING * * *
The centaur kicks you but does no damage.
The centaur closely misses you.
The centaur kicks you but does no damage.
The ogre hits you with a +0 giant spiked club!
You die...

#$..............#
#...............#
#...............#
.###...............#
.................$.#
(.................#
$......<...#.....#
......#..c##...#
....>.....@O...######
........###.........##
.....................##
.. ...#####...........#
. .... ##..........#
...#.######..........#
##...#.............#
#..................#
..................##


You could see an ogre and a centaur.

Vanquished Creatures
  A scorpion (D:4)
  A hound (D:4)
  An orc priest (D:3)
  An orc wizard (D:4)
  4 gnolls (D:3)
  5 adders
  A white imp (D:5)
  3 dart slugs
  6 orcs
  13 ball pythons
  5 bats
  4 endoplasms
  3 giant cockroaches
  6 goblins
  7 hobgoblins
  3 jackals (D:1)
  8 kobolds
  3 quokkas
  4 frilled lizards
  7 rats
86 creatures vanquished.

Notes
Turn   | Place    | Note
-------+----------+-------------------------------------------
     0 | D:1      | Lobster4 the Hill Orc Fighter began the quest for the Orb.
     0 | D:1      | Reached XP level 1. HP: 19/19 MP: 1/1
    67 | D:1      | Reached XP level 2. HP: 19/27 MP: 2/2
   415 | D:1      | Reached skill level 4 in Fighting
   415 | D:1      | Reached XP level 3. HP: 33/33 MP: 3/3
  1010 | D:2      | Noticed an ogre
  1071 | D:2      | Reached XP level 4. HP: 26/40 MP: 4/4
  1491 | D:3      | Reached XP level 5. HP: 24/47 MP: 5/5
  2650 | D:4      | Reached XP level 6. HP: 52/55 MP: 6/6
  2852 | D:4      | Found a staircase to the Ecumenical Temple.
  2856 | Temple   | Entered the Ecumenical Temple
  2949 | D:3      | Found an ancient bone altar of Kikubaaqudgha.
  2949 | D:3      | Found a stormy altar of Qazlal.
  3500 | D:5      | Entered Level 5 of the Dungeon
  3567 | D:4      | Reached skill level 5 in Fighting
  3567 | D:4      | Reached skill level 1 in Ranged Weapons
  3706 | D:5      | Mangled by an ogre

Illustrated notes

Levels and vault maps discovered:
D:1:      mushboom_english_gardens, layout_basic
D:2:      layout_rooms
D:3:      layout_basic, nicolae_overflow_hidden_temple
D:4:      layout_basic, minmay_temple_entry_glassed_door,
          serial_co_window_serial, co_window_paths_b,
          co_window_of_opportunity_a, co_window_paths_a, co_window_paths_a,
          co_window_corner_a, co_window_2corner, co_window_of_opportunity_b,
          co_window_corner_cb, glass_columns_a, glass_columns_b
D:5:      layout_rooms, makhleb_heckhound_becter, pf_guarded_unrand_delatra
Temple:   kb_temple_of_zot

Skill      XL: |  1  2  3  4  5  6 |
---------------+-------------------+-----
Axes           | 3 4 |  4.8
Fighting       | 4 5 |  5.0
Shields        | 4 |  4.7
Armour         | 4 |  4.6
Ranged Weapons | 1 |  1.1
Evocations     | |  0.4

Action                     |  1- 3 |  4- 6 || total
---------------------------+-------+-------++-------
  Melee: War axe           |   110 |   120 ||   230
   Fire: Sling             |       |    15 ||    15
    Use: Scroll            |       |     2 ||     2
         Potion            |       |     1 ||     1
 Armour: Scale mail        |    92 |   112 ||   204
  Dodge: Dodged            |    60 |    45 ||   105
  Block: Buckler           |    22 |    27 ||    49

Table legend: (Time is in decaauts)
 A = Elapsed time spent in this place.
 B = Non-inter-level travel time spent in this place.
 C = Inter-level travel time spent in this place.
 D = Time resting spent in this place.
 E = Time spent auto-exploring this place.
 F = Levels seen in this place.
 G = Mean time per level.
                   A        B        C        D        E       F      G
               +--------+--------+--------+--------+--------+-----+--------+
         Total |   3794 |   3300 |    494 |    297 |   2382 |   6 |  632.3 |
       Dungeon |   3792 |   3298 |    494 |    297 |   2382 |   5 |  758.4 |
        Temple |      1 |      1 |      0 |      0 |      0 |   1 |    1.0 |
               +--------+--------+--------+--------+--------+-----+--------+

Top non-repeatable levels by time:
     D:3: 1256 daAuts
     D:4: 1188 daAuts
     D:1: 986 daAuts
     D:2: 307 daAuts
     D:5: 53 daAuts
  Temple: 1 daAuts
